[Event "Titled Tuesday Blitz April 12 Late 2022"]
[White "Kanyamarala, Trisha"]
[Black "Mirzoev, Azer"]
[WhiteFideId "45004722"]
[BlackFideId "13400304"]
[WhiteElo "2079"]
[BlackElo "2525"]
[Result "0-1"]
[Round "09"]
[TimeControl "180+1"]
[Date "2022.04.13"]
[WhiteClock "0:00:02"]
[BlackClock "0:01:04"]

1. c4 e5 2. Nc3 Nc6 3. g3 Bc5 4. Bg2 d6 5. Nf3 a6 6. O-O Ba7 7. b3 Nge7 8. Bb2 O-O 9. Rc1 f5 10. d3 f4 11. Nd5 Ng6 12. Qc2 Bg4 13. b4 Nce7 14. Nxe7+ Qxe7 15. c5 Rae8 16. cxd6 cxd6 17. Qc7 h6 18. a4 Rf7 19. Qxe7 Nxe7 20. Rc7 Nf5 21. Rfc1 fxg3 22. hxg3 Nxg3 23. Rxf7 Kxf7 24. Rc2 Nf5 25. Nh2 Bh5 26. Bxb7 Rb8 27. Bd5+ Kf6 28. Bc3 Bd4 29. Bxd4 Nxd4 30. Rc7 Nxe2+ 31. Kf1 Rxb4 32. Nf3 Nf4 33. Kg1 Nxd5 0-1


[Site "https://www.chess.com"]

[Event "Titled Tuesday Blitz April 12 Late 2022"]
[White "Karttunen, Mika"]
[Black "Gracia Alvarez, Gerardo Antonio"]
[WhiteFideId "502081"]
[BlackFideId "5109124"]
[WhiteElo "2343"]
[BlackElo "2139"]
[Result "1-0"]
[Round "09"]
[TimeControl "180+1"]
[Date "2022.04.13"]
[WhiteClock "0:02:23"]
[BlackClock "0:02:30"]

1. e4 c5 2. Nf3 Nc6 3. d4 cxd4 4. Nxd4 Nf6 5. Nc3 e5 6. Ndb5 h6 7. Nd6+ Bxd6 8. Qxd6 Qe7 9. Qxe7+ Kxe7 10. b3 d6 11. Ba3 Be6 12. O-O-O Rhd8 13. Nd5+ Bxd5 14. exd5 Nb8 15. Re1 Nxd5 16. Rxe5+ 1-0


[Site "https://www.chess.com"]

[Event "Titled Tuesday Blitz April 12 Late 2022"]
[White "Kavyev, Ruslan"]
[Black "De Souza, Cristiano Gomes"]
[WhiteFideId "34110981"]
[BlackFideId "2151758"]
[WhiteElo "2182"]
[BlackElo "2068"]
[Result "1-0"]
[Round "09"]
[TimeControl "180+1"]
[Date "2022.04.13"]
[WhiteClock "0:01:32"]
[BlackClock "0:02:00"]

1. d4 Nf6 2. c4 g6 3. Nc3 Bg7 4. e4 d6 5. Be2 O-O 6. Be3 Nc6 7. d5 Ne5 8. f4 Ned7 9. Nf3 e5 10. fxe5 Nxe5 11. Nxe5 dxe5 12. O-O Ne8 13. c5 f5 14. Bc4 Kh8 15. Qd2 f4 16. Bf2 a6 17. Rad1 g5 18. d6 cxd6 19. cxd6 Bd7 20. Nd5 Nxd6 21. Bb3 Nxe4 22. Qe2 Nxf2 23. Qxf2 Bc6 24. Nb6 Qf6 25. Nxa8 Rxa8 26. Qc5 e4 27. Rd6 Qxb2 28. Rfd1 e3 29. Rd8+ Be8 30. Rxa8 Qf2+ 31. Kh1 Bf6 32. Qf8# 1-0


[Site "https://www.chess.com"]

[Event "Titled Tuesday Blitz April 12 Late 2022"]
[White "Kazakouski, Valery"]
[Black "Sarana, Alexey"]
[WhiteFideId "13507443"]
[BlackFideId "24133795"]
[WhiteElo "2524"]
[BlackElo "2666"]
[Result "0-1"]
[Round "09"]
[TimeControl "180+1"]
[Date "2022.04.12"]
[WhiteClock "0:00:05"]
[BlackClock "0:00:07"]

1. d4 Nf6 2. c4 e6 3. Nc3 Bb4 4. f3 d5 5. a3 Be7 6. e4 dxc4 7. Bxc4 c5 8. Be3 O-O 9. dxc5 Qc7 10. b4 b6 11. Nb5 Qc6 12. Nd6 bxc5 13. Nxc8 Qxc8 14. b5 Nbd7 15. Ne2 Nb6 16. Qc2 a6 17. bxa6 Nxc4 18. Qxc4 Qxa6 19. Qxa6 Rxa6 20. Kf2 Rfa8 21. Rhb1 Kf8 22. Rb3 Nd7 23. Rd1 c4 24. Rc3 Ne5 25. Bd4 Nd3+ 26. Kg3 e5 27. Be3 Rxa3 28. h4 f6 29. h5 Kf7 30. Rb1 Rxc3 31. Nxc3 Ra3 32. Nd5 Rb3 33. Ra1 Ba3 34. Bd2 Nc5 35. Rxa3 Rxa3 36. Bb4 Nxe4+ 37. Kh2 Nc3 38. Bxc3 Ke6 39. Nc7+ Kd7 40. Bb4 Rb3 41. Nd5 Kc6 42. Ne7+ Kd7 43. Nd5 Kc6 44. Ne7+ Kb5 45. Bd2 Rd3 46. Bc1 c3 47. Nf5 g6 48. hxg6 hxg6 49. Nh4 g5 50. Nf5 Rd1 51. Be3 c2 52. Kg3 c1=Q 53. Bxc1 Rxc1 54. Kg4 Rh1 55. Ng3 Rh4+ 56. Kf5 Rf4+ 57. Ke6 Kc4 58. Nh5 Rh4 59. Nxf6 Kd4 60. Kf5 Rh2 61. g4 Rf2 62. Kxg5 Rxf3 63. Kg6 e4 64. Nxe4 Kxe4 65. g5 Ke5 66. Kh6 Kf5 67. g6 Rg3 68. g7 Rh3# 0-1


[Site "https://www.chess.com"]

[Event "Titled Tuesday Blitz April 12 Late 2022"]
[White "Khabinets, Ivan"]
[Black "Urazayev, Arystanbek"]
[WhiteFideId "14115980"]
[BlackFideId "13709810"]
[WhiteElo "2114"]
[BlackElo "2422"]
[Result "0-1"]
[Round "09"]
[TimeControl "180+1"]
[Date "2022.04.12"]
[WhiteClock "0:00:46"]
[BlackClock "0:01:34"]

1. e4 c5 2. Nf3 d6 3. d4 cxd4 4. Nxd4 Nf6 5. Nc3 Nc6 6. Bg5 e6 7. Qd2 a6 8. O-O-O Bd7 9. f4 Be7 10. Nf3 b5 11. Bd3 h6 12. Bxf6 Bxf6 13. Rhe1 Qa5 14. e5 dxe5 15. fxe5 Be7 16. Be4 Rd8 17. Qxd7+ Rxd7 18. Bxc6 O-O 19. Bxd7 Bb4 20. Re3 Rd8 21. a3 Bc5 22. Red3 b4 23. axb4 Qa1+ 24. Kd2 Be3+ 25. Kxe3 Qxb2 26. Rd4 Qxc3+ 27. R1d3 Qxc2 28. Rd6 Rb8 29. R3d4 Qc3+ 30. Kf2 g5 31. h3 Qa1 32. Rc6 a5 33. bxa5 Rb2+ 34. Kg3 Qf1 35. Nd2 Rxd2 36. Rxd2 Qf4# 0-1


[Site "https://www.chess.com"]

[Event "Titled Tuesday Blitz April 12 Late 2022"]
[White "Kozak, Adam"]
[Black "Sadilek, Peter"]
[WhiteFideId "753246"]
[BlackFideId "1616439"]
[WhiteElo "2459"]
[BlackElo "2145"]
[Result "1/2-1/2"]
[Round "09"]
[TimeControl "180+1"]
[Date "2022.04.12"]
[WhiteClock "0:00:19"]
[BlackClock "0:00:06"]

1. Nf3 Nf6 2. g3 d5 3. b3 g6 4. Bb2 Bg7 5. Bg2 O-O 6. O-O c6 7. d4 a5 8. c4 a4 9. Nc3 axb3 10. axb3 Rxa1 11. Qxa1 Qb6 12. Qa3 Na6 13. Na4 Qc7 14. Rc1 Bf5 15. Ne5 Be6 16. cxd5 Bxd5 17. Bxd5 Nxd5 18. e4 Ndb4 19. Bc3 Bxe5 20. dxe5 Nd3 21. Rd1 Nxe5 22. Qa1 Nf3+ 23. Kg2 Ng5 24. Re1 Qd7 25. Re3 Rd8 26. f4 Ne6 27. Nb6 Qd1 28. Qb2 Nac5 29. b4 Nd3 30. Qa2 Qg4 31. h3 Ndxf4+ 32. Kg1 Qxh3 33. Qc2 Rd1+ 34. Be1 Rxe1+ 35. Rxe1 Qxg3+ 36. Kf1 Qf3+ 37. Kg1 Qg3+ 38. Kf1 Qf3+ 39. Kg1 Qg3+ 1/2-1/2


[Site "https://www.chess.com"]

[Event "Titled Tuesday Blitz April 12 Late 2022"]
[White "Lalanne, Pablo"]
[Black "Putri, Regita Desyari"]
[WhiteFideId "112151"]
[BlackFideId "7109083"]
[WhiteElo "2120"]
[BlackElo "1930"]
[Result "1/2-1/2"]
[Round "09"]
[TimeControl "180+1"]
[Date "2022.04.13"]
[WhiteClock "0:00:09"]
[BlackClock "0:00:34"]

1. e4 e5 2. Nf3 Nc6 3. Bb5 a6 4. Ba4 Nf6 5. O-O Be7 6. Re1 b5 7. Bb3 O-O 8. h3 d6 9. c3 Bb7 10. d4 Re8 11. Nbd2 Bf8 12. a4 h6 13. Bc2 exd4 14. cxd4 Nb4 15. Bb1 c5 16. d5 c4 17. Nd4 Qb6 18. Nf5 Nd7 19. Ra3 g6 20. Rg3 Kh7 21. Ne3 Ne5 22. Kh2 Nbd3 23. Bxd3 Nxd3 24. Ng4 Bg7 25. Ree3 Re7 26. Nf3 Rae8 27. Rxd3 cxd3 28. Qd2 g5 29. Nxg5+ hxg5 30. Qxg5 Qd4 31. Qh5+ Kg8 32. Nh6+ Kf8 33. Nf5 Qe5 34. Nxg7 Qxh5 35. Nxh5 Rxe4 36. Nf6 Re1 37. Bh6+ Ke7 38. Nxe8 Kxe8 39. Rxd3 Re5 40. axb5 axb5 41. Bf4 Rxd5 42. Rxd5 Bxd5 43. Bxd6 Kd7 44. Be5 Ke6 45. f4 f5 46. g4 fxg4 47. hxg4 Bf3 48. Kg3 Bd1 49. Bc3 Bc2 50. f5+ Kf7 51. Kf4 Bd3 52. g5 Bc2 53. g6+ Kf8 54. Kg5 Kg8 55. f6 Bb3 56. f7+ Bxf7 57. gxf7+ Kxf7 58. Kf5 Ke7 59. Ke5 Kd7 60. Kd5 Kc7 61. Kc5 Kb7 62. Kxb5 Kc7 63. b4 Kb7 64. Be5 Ka7 65. Kc6 Ka6 66. Bd4 1/2-1/2


[Site "https://www.chess.com"]

[Event "Titled Tuesday Blitz April 12 Late 2022"]
[White "Lashkin, Jegor"]
[Black "Quesada Perez, Yuniesky"]
[WhiteFideId "13907808"]
[BlackFideId "3504409"]
[WhiteElo "2368"]
[BlackElo "2622"]
[Result "0-1"]
[Round "09"]
[TimeControl "180+1"]
[Date "2022.04.12"]
[WhiteClock "0:00:02"]
[BlackClock "0:00:40"]

1. d4 d5 2. c4 c6 3. Nc3 Nf6 4. e3 e6 5. Nf3 Nbd7 6. Qc2 Bd6 7. Bd3 dxc4 8. Bxc4 b5 9. Be2 O-O 10. O-O Qe7 11. e4 e5 12. dxe5 Nxe5 13. Nxe5 Qxe5 14. f4 Qc5+ 15. Kh1 Ng4 16. Bxg4 Bxg4 17. Qd3 b4 18. Be3 Qa5 19. Qxd6 bxc3 20. bxc3 Qxc3 21. Bd4 Qc2 22. h3 Bxh3 23. Bf2 Qxe4 24. Rg1 Be6 25. Rae1 Qc2 26. Bd4 Rfd8 27. Qe5 Qg6 28. Rgf1 Rd5 29. Qe3 c5 30. Be5 h5 31. Kg1 Rad8 32. Qf2 Rd2 33. Re2 Rxe2 34. Qxe2 c4 35. Qf2 Bf5 36. Qxa7 Rd2 37. Qa8+ Kh7 38. Rf2 Be4 39. f5 Qg4 40. Qf8 Rd1+ 41. Kh2 Qh4# 0-1


[Site "https://www.chess.com"]

[Event "Titled Tuesday Blitz April 12 Late 2022"]
[White "Le Goff, Ronan"]
[Black "Goryachkina, Aleksandra"]
[WhiteFideId "612073"]
[BlackFideId "4147103"]
[WhiteElo "2276"]
[BlackElo "2426"]
[Result "0-1"]
[Round "09"]
[TimeControl "180+1"]
[Date "2022.04.12"]
[WhiteClock "0:00:03"]
[BlackClock "0:00:04"]

1. d4 d5 2. Nf3 Nf6 3. g3 Bf5 4. c4 dxc4 5. Nc3 e6 6. Bg2 c6 7. Ne5 Nbd7 8. Nxc4 Bb4 9. O-O O-O 10. a3 Bxc3 11. bxc3 Be4 12. f3 Bd5 13. Nd2 c5 14. e3 cxd4 15. cxd4 Rc8 16. a4 Re8 17. a5 b5 18. Ne4 Nxe4 19. fxe4 Bc4 20. Rf2 b4 21. Bd2 Qe7 22. Qa4 b3 23. Bb4 Qd8 24. e5 Nf8 25. Bd6 Ng6 26. Rc1 Bd3 27. Rxc8 Qxc8 28. Qxb3 Qc1+ 29. Bf1 Bxf1 30. Rxf1 Qc6 31. Qb2 h5 32. Rc1 Qe4 33. Qf2 h4 34. Rf1 Kh7 35. Qf3 Qd3 36. gxh4 Rc8 37. h5 Nh4 38. Qg3 Rc2 39. Bc5 Nf5 40. Qf3 Nxe3 41. Qxf7 Nxf1 42. Qxf1 Qe3+ 43. Kh1 Qe4+ 44. Kg1 Qg4+ 45. Kh1 Rd2 46. Qb1+ Kh6 47. Qc1 Qf3+ 48. Kg1 Qg2# 0-1


[Site "https://www.chess.com"]

[Event "Titled Tuesday Blitz April 12 Late 2022"]
[White "Lewicki, Miroslaw"]
[Black "Leitao, Rafael"]
[WhiteFideId "1113380"]
[BlackFideId "2101246"]
[WhiteElo "2283"]
[BlackElo "2609"]
[Result "0-1"]
[Round "09"]
[TimeControl "180+1"]
[Date "2022.04.12"]
[WhiteClock "0:01:44"]
[BlackClock "0:01:00"]

1. g3 Nf6 2. Bg2 d5 3. e3 g6 4. Ne2 Bg7 5. O-O O-O 6. d4 c5 7. dxc5 Na6 8. Nbc3 Nxc5 9. Nxd5 Nxd5 10. Qxd5 Qxd5 11. Bxd5 Bf5 12. Nd4 Bh3 13. Bg2 Bxg2 14. Kxg2 Rfd8 15. c3 e5 16. Nb3 Na4 17. Kf3 Rd3 18. Ke2 Rad8 19. e4 f5 20. exf5 gxf5 21. Bg5 R8d7 22. Rab1 e4 23. Be3 Bxc3 24. Rfc1 Bxb2 25. Rc8+ Kf7 26. Rxb2 Nxb2 27. Nc5 Rc3 28. Rh8 Rc2+ 29. Kf1 Rd1+ 30. Kg2 Nc4 31. Rxh7+ Kg8 0-1


[Site "https://www.chess.com"]

[Event "Titled Tuesday Blitz April 12 Late 2022"]
[White "Lin, Dachey"]
[Black "Naroditsky, Daniel"]
[WhiteFideId "2029650"]
[BlackFideId "2026961"]
[WhiteElo "2313"]
[BlackElo "2608"]
[Result "0-1"]
[Round "09"]
[TimeControl "180+1"]
[Date "2022.04.12"]
[WhiteClock "0:00:20"]
[BlackClock "0:01:02"]

1. Nc3 d5 2. e4 dxe4 3. Nxe4 Nf6 4. Nxf6+ exf6 5. Nf3 Bd6 6. Bc4 O-O 7. O-O Bg4 8. h3 Bh5 9. d4 Nd7 10. Qd3 Bg6 11. Qd1 Re8 12. Nh4 f5 13. Nxg6 hxg6 14. Qf3 c6 15. Qb3 Re7 16. Qxb7 Nb6 17. Qa6 Bc7 18. Bg5 Qd6 19. g3 Re4 20. Rad1 f4 21. Be2 fxg3 22. Bf3 g2 0-1


[Site "https://www.chess.com"]

[Event "Titled Tuesday Blitz April 12 Late 2022"]
[White "Manolache, Marius"]
[Black "Dauner, Benedikt"]
[WhiteFideId "1201530"]
[BlackFideId "16225899"]
[WhiteElo "2364"]
[BlackElo "2230"]
[Result "1-0"]
[Round "09"]
[TimeControl "180+1"]
[Date "2022.04.12"]
[WhiteClock "0:01:04"]
[BlackClock "0:00:02"]

1. d4 Nf6 2. c4 Nc6 3. Nf3 e6 4. a3 g6 5. Nc3 Bg7 6. d5 Ne7 7. d6 cxd6 8. Qxd6 Nf5 9. Qd1 d5 10. e3 O-O 11. Be2 dxc4 12. Qxd8 Rxd8 13. Bxc4 Bd7 14. Ke2 Rac8 15. Bd3 Bc6 16. Rd1 Nd5 17. Na2 Nd6 18. Nd4 Bxd4 19. exd4 Nf5 20. Be3 Ndxe3 21. fxe3 Bxg2 22. Nc3 Bh3 23. Rd2 Bg4+ 24. Kf2 Nd6 25. Rg1 h5 26. Rg3 e5 27. h3 Be6 28. d5 Bd7 29. e4 b5 30. Rf3 Kg7 31. Ke3 a5 32. Rdf2 b4 33. axb4 axb4 34. Ne2 f5 35. Rg2 f4+ 36. Kd2 Kf6 37. Nxf4 exf4 38. Rxf4+ Ke5 39. Ke3 Rg8 40. Rg5+ Bf5 41. exf5 gxf5 42. Rxh5 Rg3+ 43. Rf3 Rxf3+ 44. Kxf3 Kxd5 45. Bxf5 Rf8 46. Kf4 b3 47. h4 Kd4 48. Rg5 Nxf5 49. Rxf5 Rxf5+ 50. Kxf5 Kd3 51. h5 Kc2 52. h6 Kxb2 53. h7 Ka2 54. h8=Q b2 55. Qa8+ Kb1 56. Qc6 Ka1 57. Qa4+ Kb1 58. Ke4 Kc1 59. Qc4+ Kd2 60. Qb3 Kc1 61. Qc3+ Kb1 62. Kd3 Ka2 63. Qc4+ Ka3 64. Qa6+ Kb3 65. Qb5+ Ka3 66. Kc2 b1=B+ 67. Qxb1 1-0


[Site "https://www.chess.com"]

[Event "Titled Tuesday Blitz April 12 Late 2022"]
[White "Maranhao,Jose Renato Ruiz"]
[Black "Foisor, Sabina-Francesca"]
[WhiteFideId "2135175"]
[BlackFideId "1212915"]
[WhiteElo "1970"]
[BlackElo "2243"]
[Result "0-1"]
[Round "09"]
[TimeControl "180+1"]
[Date "2022.04.13"]
[WhiteClock "0:00:03"]
[BlackClock "0:00:39"]

1. e4 e6 2. d4 d5 3. Nc3 dxe4 4. Nxe4 Nf6 5. Nxf6+ Qxf6 6. Nf3 Qd8 7. Bd3 Nd7 8. O-O Nf6 9. Re1 Be7 10. Ne5 O-O 11. Bg5 h6 12. Bh4 Bd7 13. Qf3 Rb8 14. Rad1 a6 15. c4 Ba4 16. b3 Be8 17. Bb1 Nd7 18. Qd3 f5 19. Bxe7 Qxe7 20. d5 Nxe5 21. Rxe5 Bf7 22. dxe6 Bg6 23. f4 Rbd8 24. Rd5 Rde8 25. Re1 Qf6 26. Rde5 Re7 27. Qe3 Rfe8 28. Bd3 Bh7 29. c5 Kh8 30. Bc4 Bg8 31. g3 Rd8 32. b4 c6 33. a3 Rde8 34. Bd3 Rxe6 35. Rxe6 Rxe6 36. Qf2 Rxe1+ 37. Qxe1 Qd4+ 0-1


[Site "https://www.chess.com"]

[Event "Titled Tuesday Blitz April 12 Late 2022"]
[White "Melikhov, Evgeny V."]
[Black "Simonovic, Miroslav"]
[WhiteFideId "4122046"]
[BlackFideId "919152"]
[WhiteElo "1931"]
[BlackElo "2043"]
[Result "0-1"]
[Round "09"]
[TimeControl "180+1"]
[Date "2022.04.13"]
[WhiteClock "0:00:01"]
[BlackClock "0:00:09"]

1. d4 Nf6 2. c4 c5 3. d5 b5 4. cxb5 a6 5. b6 d6 6. Nc3 Nbd7 7. a4 a5 8. e4 Ba6 9. Bb5 Bxb5 10. Nxb5 Nxb6 11. Qe2 Nfd7 12. Nf3 g6 13. O-O Bg7 14. Bf4 O-O 15. Rfe1 Qb8 16. Rad1 c4 17. e5 Nxa4 18. Nbd4 dxe5 19. Nc6 Qd6 20. Nfxe5 Nxe5 21. Nxe5 Qb4 22. Nc6 Qxb2 23. Nxe7+ Kh8 24. Qxc4 Qb4 25. Qxb4 axb4 26. Rb1 Nc3 27. Rxb4 Ne2+ 28. Kf1 Bc3 29. Rbb1 Bxe1 30. Kxe1 Nxf4 31. d6 Rad8 32. Rb6 Rfe8 33. g3 Rxd6 34. Rxd6 Rxe7+ 35. Kf1 Ne6 36. f4 Kg7 37. Kf2 f5 38. h3 Nc5 39. Kf3 Ne4 40. Ra6 Rc7 41. g4 Rc3+ 42. Kg2 Rg3+ 43. Kh2 fxg4 44. h4 Rf3 0-1


[Site "https://www.chess.com"]

[Event "Titled Tuesday Blitz April 12 Late 2022"]
[White "Melkumyan, Hrant"]
[Black "Rasulov, Vugar"]
[WhiteFideId "13302485"]
[BlackFideId "13402390"]
[WhiteElo "2604"]
[BlackElo "2560"]
[Result "0-1"]
[Round "09"]
[TimeControl "180+1"]
[Date "2022.04.12"]
[WhiteClock "0:00:07"]
[BlackClock "0:00:18"]

1. c4 c6 2. Nf3 d5 3. g3 Nf6 4. Bg2 g6 5. b3 Bg7 6. Bb2 O-O 7. O-O a5 8. Nc3 Ne4 9. d4 Bf5 10. e3 Nxc3 11. Bxc3 Be4 12. Qe2 a4 13. Rfc1 Nd7 14. Bh3 Bxf3 15. Qxf3 e6 16. Qe2 Qe7 17. Bg2 Ra6 18. Rab1 axb3 19. axb3 Rfa8 20. Rc2 h5 21. Bf1 Nf6 22. Qe1 R6a7 23. Bb4 Qd8 24. Bd3 Ra2 25. Qe2 Rxc2 26. Qxc2 h4 27. Kg2 Nh7 28. Qe2 Ng5 29. f3 h3+ 30. Kf2 Qf6 31. Rf1 e5 32. dxe5 Qxe5 33. Kg1 Qe6 34. cxd5 cxd5 35. Bd2 Ra2 36. Qe1 Qb6 37. b4 Qc6 38. Rf2 Ra1 39. Bb1 Qc4 40. Rf1 Qb3 41. Kf2 d4 42. Qd1 Qb2 43. Ke2 dxe3 44. Kxe3 Ne6 45. Qc2 Ra3+ 46. Ke2 Nd4+ 0-1


[Site "https://www.chess.com"]

[Event "Titled Tuesday Blitz April 12 Late 2022"]
[White "Mickiewicz, Piotr"]
[Black "Hoffmann, Asa"]
[WhiteFideId "1114891"]
[BlackFideId "2001470"]
[WhiteElo "2266"]
[BlackElo "2117"]
[Result "1-0"]
[Round "09"]
[TimeControl "180+1"]
[Date "2022.04.13"]
[WhiteClock "0:00:32"]
[BlackClock "0:00:10"]

1. e4 d6 2. d4 Nf6 3. Nc3 c6 4. a4 Qa5 5. Bd2 e5 6. Nf3 Bg4 7. dxe5 dxe5 8. h3 Bxf3 9. Qxf3 Bb4 10. Bd3 Nbd7 11. O-O O-O 12. Rfd1 Rad8 13. Bc4 Nc5 14. Bg5 Bxc3 15. Bxf6 Rxd1+ 16. Rxd1 Bxb2 17. Bxe5 Bxe5 18. Qf5 Bc7 19. e5 Qc3 20. Bxf7+ Rxf7 21. Qc8+ Rf8 22. Qxc7 Qxc2 23. Rf1 Qf5 24. f4 Nd3 25. Qd6 Nxf4 26. Kh1 Qg5 27. Rf2 h5 28. e6 Ng6 29. Rxf8+ Nxf8 30. e7 Ng6 31. e8=Q+ Kh7 32. Qe4 1-0


[Site "https://www.chess.com"]

[Event "Titled Tuesday Blitz April 12 Late 2022"]
[White "Migot, Tangi"]
[Black "Romero Ruscalleda, Josep"]
[WhiteFideId "662445"]
[BlackFideId "2231859"]
[WhiteElo "2524"]
[BlackElo "2324"]
[Result "1-0"]
[Round "09"]
[TimeControl "180+1"]
[Date "2022.04.13"]
[WhiteClock "0:00:19"]
[BlackClock "0:00:02"]

1. Nf3 g6 2. d4 Bg7 3. e4 d6 4. Be2 a6 5. O-O Nf6 6. e5 Nd5 7. c4 Nb6 8. Nc3 dxe5 9. Nxe5 O-O 10. Be3 N8d7 11. Nxd7 Bxd7 12. Rc1 Be6 13. d5 Bf5 14. Bd4 e5 15. Be3 Nc8 16. b4 Bd7 17. Qb3 h6 18. Rfd1 Kh7 19. c5 f5 20. f3 Qe8 21. a4 Ne7 22. b5 axb5 23. axb5 f4 24. Bf2 Nf5 25. c6 Bc8 26. Bd3 Nd6 27. Ne4 Nf5 28. Nc5 b6 29. Ne4 Qe7 30. Qb1 Ra3 31. Be1 Rxd3 32. Rxd3 Re8 33. Bb4 Qh4 34. d6 cxd6 35. Nxd6 Rd8 36. Ne4 Nd4 37. Rcd1 Bf5 38. c7 Rc8 39. Bd6 Bf8 40. Bxf8 Rxf8 41. Rxd4 exd4 42. Qc1 Bxe4 43. fxe4 1-0


[Site "https://www.chess.com"]

[Event "Titled Tuesday Blitz April 12 Late 2022"]
[White "Mikhalsky, Vladimir"]
[Black "Olcayoz, Alper"]
[WhiteFideId "14144352"]
[BlackFideId "6300405"]
[WhiteElo "2301"]
[BlackElo "2255"]
[Result "0-1"]
[Round "09"]
[TimeControl "180+1"]
[Date "2022.04.13"]
[WhiteClock "0:00:26"]
[BlackClock "0:01:08"]

1. c4 Nf6 2. Nc3 e6 3. e4 c5 4. e5 Ng8 5. d4 cxd4 6. Qxd4 Nc6 7. Qe4 f5 8. Qe3 b6 9. Bd3 Bc5 10. Qe2 Bb7 11. Nf3 Nge7 12. a3 a5 13. Nb5 Ng6 14. O-O O-O 15. Bg5 Qb8 16. Rfe1 h6 17. Bd2 Qd8 18. g3 Qe7 19. Bc3 Nh8 20. Rad1 Nf7 21. h4 g5 22. hxg5 hxg5 23. Bb1 g4 24. Nh4 Ng5 25. Nd6 Nh3+ 26. Kh2 Bxf2 27. Nxb7 Bxg3+ 28. Kxg3 f4+ 29. Kh2 Qxh4 30. Qg2 g3+ 31. Kh1 f3 32. Re4 fxg2+ 33. Kxg2 Rf2+ 34. Kh1 Nf4+ 0-1


[Site "https://www.chess.com"]

[Event "Titled Tuesday Blitz April 12 Late 2022"]
[White "Miszler, Levente"]
[Black "Bilan, Danila"]
[WhiteFideId "763276"]
[BlackFideId "24161918"]
[WhiteElo "1966"]
[BlackElo "2164"]
[Result "1-0"]
[Round "09"]
[TimeControl "180+1"]
[Date "2022.04.13"]
[WhiteClock "0:00:42"]
[BlackClock "0:00:03"]

1. Nf3 d5 2. c4 c6 3. d4 Nf6 4. Nc3 e6 5. e3 Nbd7 6. Bd3 Bd6 7. O-O dxc4 8. Bxc4 e5 9. dxe5 Nxe5 10. Nxe5 Bxe5 11. Qxd8+ Kxd8 12. Bxf7 Bf5 13. Bd2 Ke7 14. Bb3 Rhd8 15. Rfd1 b5 16. f4 Bc7 17. h3 Bb6 18. Kf2 b4 19. Na4 Ne4+ 20. Ke2 Nxd2 21. Rxd2 Rxd2+ 22. Kxd2 Bc7 23. Nc5 Bd6 24. Rc1 a5 25. Nb7 Be4 26. Nxd6 Kxd6 27. g3 h6 28. Rc4 Bf5 29. Rd4+ Kc5 30. g4 Bb1 31. Rd7 a4 32. Be6 g5 33. f5 a3 34. Kc1 Be4 35. bxa3 bxa3 36. Kd2 Rb8 37. Kc3 Rb2 38. f6 Rf2 39. f7 Bd5 40. Rd8 Bxe6 41. f8=Q+ Rxf8 42. Rxf8 Bxa2 43. Ra8 Bd5 44. Rxa3 Bg2 45. Ra1 Bxh3 46. Rg1 Kd5 47. Kd3 c5 48. Ke2 h5 49. gxh5 g4 50. h6 1-0


[Site "https://www.chess.com"]

[Event "Titled Tuesday Blitz April 12 Late 2022"]
[White "Molenda, Marcin"]
[Black "Shuvalova, Polina"]
[WhiteFideId "1173065"]
[BlackFideId "24171760"]
[WhiteElo "2067"]
[BlackElo "2355"]
[Result "1-0"]
[Round "09"]
[TimeControl "180+1"]
[Date "2022.04.12"]
[WhiteClock "0:00:08"]
[BlackClock "0:00:05"]

1. d4 Nf6 2. c4 e6 3. g3 d5 4. Nf3 Bb4+ 5. Bd2 Be7 6. Bg2 Nbd7 7. Qc2 c6 8. O-O O-O 9. Bf4 b6 10. Ne5 Bb7 11. cxd5 cxd5 12. Nc6 Bxc6 13. Qxc6 Qc8 14. Qxc8 Rfxc8 15. Nc3 Rc4 16. Rfd1 Rac8 17. Bf1 Nh5 18. Bc1 R4c7 19. Bd2 Nb8 20. e3 a6 21. Rac1 Nf6 22. f3 b5 23. Kf2 g5 24. h3 h6 25. Ne2 Rc2 26. Rxc2 Rxc2 27. Bc1 Nc6 28. Rd2 Rxd2 29. Bxd2 Kg7 30. Nc1 Bb4 31. Ke1 Nh5 32. g4 Nf6 33. a3 Bxd2+ 34. Kxd2 Nd7 35. a4 bxa4 36. Bxa6 Nb6 37. Bb5 Na5 38. Nd3 Nac4+ 39. Ke2 Kf6 40. e4 Ke7 41. Kd1 Nd6 42. Bc6 dxe4 43. fxe4 Kd8 44. e5 Ndc4 45. Kc2 Kc7 46. Bb5 Ne3+ 47. Kb1 Ng2 48. Nc5 Nf4 49. Be8 Kd8 50. Bxf7 Ke7 51. Bg8 Nbd5 52. Ka2 Nc7 53. Ka3 Nxh3 54. Kxa4 Nf2 55. b4 Nxg4 56. b5 Kf8 57. b6 Nd5 58. b7 Nb6+ 59. Kb5 Kxg8 60. Kxb6 1-0


[Site "https://www.chess.com"]

[Event "Titled Tuesday Blitz April 12 Late 2022"]
[White "Nakamura, Hikaru"]
[Black "Korchmar, Vasiliy"]
[WhiteFideId "2016192"]
[BlackFideId "24131750"]
[WhiteElo "2850"]
[BlackElo "2370"]
[Result "1-0"]
[Round "09"]
[TimeControl "180+1"]
[Date "2022.04.12"]
[WhiteClock "0:00:33"]
[BlackClock "0:00:03"]

1. Nf3 d5 2. b3 Bf5 3. Bb2 e6 4. d3 Nf6 5. Nh4 Bg6 6. Nxg6 hxg6 7. g3 Nbd7 8. Bg2 c6 9. a3 Bd6 10. e3 Qe7 11. Nd2 O-O-O 12. b4 Kb8 13. c4 Ne5 14. Qc2 dxc4 15. Nxc4 Nxd3+ 16. Ke2 Nxb2 17. Qxb2 Nd5 18. Rac1 Nb6 19. Na5 Qg5 20. f4 Qg4+ 21. Kf2 e5 22. Bf3 Qf5 23. Qc3 exf4 24. exf4 Rd7 25. h3 Qf6 26. Qxf6 gxf6 27. Rhd1 Rhd8 28. Kg2 Bf8 29. Rxd7 Rxd7 30. h4 f5 31. Re1 Be7 32. h5 gxh5 33. Bxc6 1-0


[Site "https://www.chess.com"]

[Event "Titled Tuesday Blitz April 12 Late 2022"]
[White "Narayanan.S.L"]
[Black "Nazaretyan, Tigran"]
[WhiteFideId "5058422"]
[BlackFideId "24162345"]
[WhiteElo "2494"]
[BlackElo "2225"]
[Result "0-1"]
[Round "09"]
[TimeControl "180+1"]
[Date "2022.04.12"]
[WhiteClock "0:00:10"]
[BlackClock "0:00:05"]

1. d4 Nf6 2. Nc3 d5 3. Bf4 Bf5 4. f3 e6 5. e4 dxe4 6. fxe4 Nxe4 7. Bd3 Nxc3 8. bxc3 Bxd3 9. Qxd3 Nd7 10. Nf3 Bd6 11. Bg5 Be7 12. Bxe7 Qxe7 13. O-O O-O 14. Rae1 h6 15. Kh1 Qa3 16. Re4 Rad8 17. Qe3 Nf6 18. Rh4 Nd5 19. Qf2 Qxc3 20. Qg3 Kh8 21. Qh3 Qxc2 22. Ne5 Nf6 23. Kg1 Qd2 24. Rxf6 Rxd4 25. Ng6+ Kg8 26. Ne7+ Kh7 27. Rf2 Qe1+ 28. Rf1 Qxh4 29. Qc3 Qe4 30. h3 Rd3 31. Qc2 f5 32. Qxc7 Qd4+ 33. Kh1 Rd1 34. Rxd1 Qxd1+ 35. Kh2 Rd8 36. Nc8 Qd7 37. Qxd7 Rxd7 38. Nxa7 Rd5 39. Nc8 Ra5 40. Nd6 b5 41. a3 Rxa3 42. Nxb5 Rd3 43. Nc7 e5 44. Ne6 e4 45. Kg1 g5 46. Kf2 f4 47. Nc5 Rd1 48. Nxe4 Kg6 49. g4 Rd3 50. Kg2 Re3 51. Nd6 Kf6 52. Nc4 Rd3 53. Kh2 Ke6 54. Kg2 Rc3 55. Nb6 Kd6 56. h4 Rg3+ 57. Kf2 Rxg4 58. Nc4+ Ke6 59. hxg5 hxg5 60. Nd2 Rh4 61. Nf3 Rh5 62. Nd4+ Kf6 63. Kf3 Rh3+ 64. Kg2 Rg3+ 65. Kf2 Ke5 66. Nc6+ Ke4 67. Ne7 Ra3 68. Kg2 g4 69. Ng6 Ra2+ 70. Kg1 g3 71. Nh4 f3 72. Ng2 Ra1+ 0-1


[Site "https://www.chess.com"]

[Event "Titled Tuesday Blitz April 12 Late 2022"]
[White "Novikova, Galina"]
[Black "Levin, Anthony"]
[WhiteFideId "4157095"]
[BlackFideId "30940680"]
[WhiteElo "1863"]
[BlackElo "2082"]
[Result "0-1"]
[Round "09"]
[TimeControl "180+1"]
[Date "2022.04.13"]
[WhiteClock "0:01:47"]
[BlackClock "0:01:17"]

1. e4 c5 2. Nf3 d6 3. d4 cxd4 4. Nxd4 Nf6 5. Nc3 a6 6. h3 e5 7. Nde2 h5 8. g3 Be6 9. Bg2 Nbd7 10. O-O Be7 11. Bg5 Rc8 12. Kh1 Qc7 13. Rc1 b5 14. b3 O-O 15. Bxf6 Nxf6 16. f4 exf4 17. Nxf4 Qxc3 18. Nxh5 Nxh5 19. Qxh5 Qxg3 20. Rf3 Qg5 21. Qxg5 Bxg5 22. Rg1 Rxc2 23. Bf1 Be7 24. Rfg3 Bf6 25. Rf3 Be5 26. a4 Rh2# 0-1


[Site "https://www.chess.com"]